 Dungeon Crawl Stone Soup version 0.31-a0-771-g505c3d19dc (webtiles) character file.

Game seed: 7107065934170174798

313 cforsyth the Trooper (level 6, 0/49 HPs)
             Began as a Djinni Delver on Sept 16, 2023.
             Slain by a river rat (6 damage)
             ... in a sewer.
             The game lasted 00:04:55 (2752 turns).

cforsyth the Trooper (Djinni Delver)                Turns: 2752, Time: 00:04:55

Health: 0/49       AC:  3    Str: 11    XL:     6   Next: 71%
Gold:   65         EV: 12    Int: 13    God:
                   SH:  0    Dex: 15

rFire   + + .        a - +0 falchion
rCold   x . .        (no shield)
rNeg    . . .        b - +0 leather armour
rPois   ∞            (no helmet)
rElec   .            (no cloak)
rCorr   .            (no gloves)
SInv    .            (boots unavailable)
Will    .....        (no amulet)
Stlth   ++           (no ring)
HPRegen 0.28/turn    (no ring)
MPRegen 0.00/turn

%: infuse magic (-1 HP)
@: flying, hasted, very quick
A: sickness immunity, fire resistance 2, cold vulnerability 1, float, innate
caster, HP casting, extra vitality 1
a: no special abilities


You were in a sewer.
You visited 1 branch of the dungeon, and saw 3 of its levels.
You also visited: Sewer and Ossuary.

You collected 65 gold pieces.

Inventory:

Hand Weapons
 a - a +0 falchion (weapon)
Armour
 b - a +0 leather armour (worn)
Wands
 g - a wand of digging (3)
Scrolls
 c - 2 scrolls of fog
 h - a scroll of immolation {unknown}
 i - 3 scrolls of teleportation {unknown}
 k - 2 scrolls of identify {unknown}
 n - 2 scrolls of blinking {unknown}
 p - a scroll of brand weapon {unknown}
Potions
 e - a potion of degeneration {unknown}
 j - 3 potions of enlightenment {unknown}
 l - a potion of might {unknown}
 m - a potion of attraction {unknown}
 o - a potion of curing {unknown}


   Skills:
 + Level 5.3 Fighting
 - Level 1.7 Long Blades
 - Level 2.1 Dodging
 - Level 4.1 Stealth
 + Level 3.1 Spellcasting
 + Level 3.1 Conjurations
 + Level 3.1 Hexes
   Level 0.0 Charms
 + Level 3.1 Summonings
 + Level 3.1 Necromancy
 + Level 3.1 Translocations
 + Level 3.1 Transmutations
 + Level 3.1 Fire Magic
 + Level 3.1 Ice Magic
 + Level 3.1 Air Magic
 + Level 3.1 Earth Magic
 + Level 3.1 Poison Magic


You knew the following spells:

 Your Spells              Type           Power      Damage    Failure   Level
a - Foxfire               Conj/Fire      40%        2x1d6     9%          1
b - Poisonous Vapours     Pois/Air       20%        N/A       13%         2
Your spell library was empty.

Dungeon Overview and Level Annotations

Branches:
Dungeon (5/15)              Sewer (1/1)             Ossuary (visited)
 Temple: D:4-7

Altars:


Innate Abilities, Weirdness & Mutations

You are immune to sickness and miasma.
You are immune to poison.
Your flesh is very heat resistant. (rF++)
You are vulnerable to cold. (rC-)
You float through the air rather than walking.
You learn spells naturally, not from books.
Your magical power is your life essence.
You have superior vitality. (+4 MHP)


Message History

You escape the ball python's grasp.
You hit the river rat.
The river rat is heavily wounded.
The ball python bites you. The ball python grabs you.
The ball python constricts you. The river rat misses you.
The river rat twitches its whiskers.
The ball python bites you. The ball python constricts you.
The river rat closely misses you.
You are too injured to fight recklessly!
You are too injured to fight recklessly!
You are too injured to fight recklessly!
You are too injured to fight recklessly!
You are too injured to fight recklessly!
You closely miss the river rat.
The river rat is heavily wounded.
The ball python bites you but does no damage.
The ball python constricts you.
You barely miss the ball python.
The ball python bites you but does no damage.
The ball python constricts you. The river rat bites you.
The ball python bites you. The ball python constricts you.
The river rat bites you.
You slash the ball python!
You kill the ball python!
The river rat barely misses you. The river rat bites you.
Unknown command.
Okay, then.
You barely miss the river rat.
The river rat is heavily wounded.
The river rat bites you but does no damage.
The river rat bites you.
* * * LOW HITPOINT WARNING * * *
Okay, then.
You feel yourself speed up. The river rat bites you!
* * * LOW HITPOINT WARNING * * *
The river rat closely misses you. The river rat closely misses you.
The river rat attacks as it pursues you!
The river rat bites you.
You die...

##...# ##...#
####################....#
###.#≈≈≈≈≈~.~~≈≈≈≈≈~..†...#
##†..~≈≈≈~~~≈≈~~≈~~≈≈......#
#....~≈~~#~≈≈≈≈≈~~≈~≈~.....#
#.....~≈~≈≈≈≈≈≈r≈≈~~~.....##
##.....~≈≈≈≈≈≈≈r≈≈≈r†≈....##
#......≈≈≈≈≈≈@r≈≈≈≈≈≈~..###
#.†..####################
##...## #...## #..†# #...##
##...##
#....######################
#....†.≈≈≈≈≈≈≈≈≈≈≈≈≈≈~#...##


You could see 2 river rats and 2 rats.

Vanquished Creatures
  A wight (Ossuary)
  A bullfrog zombie (Ossuary)
  3 centaur zombies (Ossuary)
  A human zombie (Ossuary)
  A scorpion zombie (Ossuary)
  2 adders
  A river rat (Sewer)
  2 adder zombies (Ossuary)
  A worm (D:3)
  6 ball pythons
  An endoplasm (D:4)
  3 gnoll zombies (Ossuary)
  3 goblins (D:4)
  A hobgoblin (D:4)
  2 jackals (D:3)
  A bat (D:3)
  A frilled lizard (Sewer)
  A goblin zombie (Ossuary)
  6 hobgoblin zombies (Ossuary)
  2 orc zombies (Ossuary)
  13 rats (Sewer)
53 creatures vanquished.

Vanquished Creatures (others)
  188 foxfires (Ossuary)
188 creatures vanquished.

Grand Total: 241 creatures vanquished

Notes
Turn   | Place    | Note
-------+----------+-------------------------------------------
     0 | D:5      | cforsyth the Djinni Delver began the quest for the Orb.
     0 | D:5      | Reached XP level 1. HP: 20/20 MP: 0/0
     5 | D:5      | Noticed an ogre
   371 | D:4      | Reached XP level 2. HP: 25/25 MP: 0/0
   397 | D:4      | Reached skill level 1 in Spellcasting
   397 | D:4      | Reached skill level 1 in Conjurations
   397 | D:4      | Reached skill level 1 in Hexes
   397 | D:4      | Reached skill level 1 in Summonings
   397 | D:4      | Reached skill level 1 in Necromancy
   397 | D:4      | Reached skill level 1 in Translocations
   397 | D:4      | Reached skill level 1 in Transmutations
   397 | D:4      | Reached skill level 1 in Fire Magic
   397 | D:4      | Reached skill level 1 in Ice Magic
   397 | D:4      | Reached skill level 1 in Air Magic
   397 | D:4      | Reached skill level 1 in Earth Magic
   397 | D:4      | Reached skill level 1 in Poison Magic
   509 | D:4      | Found a sand-covered staircase.
   517 | Ossuary  | Entered an ossuary
   676 | Ossuary  | Reached XP level 3. HP: 20/30 MP: 0/0
   676 | Ossuary  | Learned a level 1 spell: Foxfire
   868 | Ossuary  | Reached XP level 4. HP: 4/37 MP: 0/0
  1369 | Ossuary  | Reached skill level 4 in Fighting
  1617 | Ossuary  | Reached XP level 5. HP: 31/42 MP: 0/0
  1617 | Ossuary  | Learned a level 2 spell: Poisonous Vapours
  1744 | Ossuary  | Reached XP level 6. HP: 36/49 MP: 0/0
  1758 | Ossuary  | Reached skill level 5 in Fighting
  2352 | Ossuary  | Noticed a silent spectre
  2536 | D:3      | Found a glowing drain.
  2541 | Sewer    | Entered a sewer
  2752 | Sewer    | Slain by a river rat

Illustrated notes

Levels and vault maps discovered:
D:3:      layout_loops_ring, portal_sewer_entry_e
D:4:      layout_basic, serial_shops, nicolae_shop_pleasant_corner_grove,
          nicolae_ossuary_entry_monument, corexii_checkpoint_a
D:5:      layout_basic, minmay_temple_entry_statues_fountains
Sewer:    sewer_minmay_w

Skill      XL: |  1  2  3  4  5  6 |
---------------+-------------------+-----
Spellcasting   | 1 2 3 |  3.1
Conjurations   | 1 2 3 |  3.1
Hexes          | 1 2 3 |  3.1
Summonings     | 1 2 3 |  3.1
Necromancy     | 1 2 3 |  3.1
Translocations | 1 2 3 |  3.1
Transmutations | 1 2 3 |  3.1
Fire Magic     | 1 2 3 |  3.1
Ice Magic      | 1 2 3 |  3.1
Air Magic      | 1 2 3 |  3.1
Earth Magic    | 1 2 3 |  3.1
Poison Magic   | 1 2 3 |  3.1
Fighting       | 4 5 |  5.3
Long Blades    | |  1.7
Dodging        | |  2.1
Stealth        | |  4.1

Action                     |  1- 3 |  4- 6 || total
---------------------------+-------+-------++-------
  Melee: Falchion          |    36 |    85 ||   121
         Punch             |       |     2 ||     2
   Cast: Foxfire           |    31 |    69 ||   100
    Use: Scroll            |     1 |     1 ||     2
         Potion            |       |     1 ||     1
   Stab: Sleeping          |     1 |     2 ||     3
 Armour: Leather armour    |    39 |    92 ||   131
  Dodge: Dodged            |    35 |   115 ||   150

Table legend: (Time is in decaauts)
 A = Elapsed time spent in this place.
 B = Non-inter-level travel time spent in this place.
 C = Inter-level travel time spent in this place.
 D = Time resting spent in this place.
 E = Time spent auto-exploring this place.
 F = Levels seen in this place.
 G = Mean time per level.
                   A        B        C        D        E       F      G
               +--------+--------+--------+--------+--------+-----+--------+
         Total |   2775 |   2775 |      0 |   1537 |    400 |   5 |  555.0 |
       Dungeon |    672 |    672 |      0 |      0 |    320 |   3 |  224.0 |
         Sewer |    223 |    223 |      0 |     46 |     19 |   1 |  223.0 |
       Ossuary |   1880 |   1880 |      0 |   1491 |     61 |   1 | 1880.0 |
               +--------+--------+--------+--------+--------+-----+--------+

Top non-repeatable levels by time:
 Ossuary: 1880 daAuts
     D:4: 391 daAuts
   Sewer: 223 daAuts
     D:3: 142 daAuts
     D:5: 138 daAuts
